 Dungeon Crawl Stone Soup version 0.32-a0-361-g289a535e89 (webtiles) character file.

Game seed: 2268914659117115674

578 olourkin the Chopper (level 7, -6/50 HPs)
             Began as a Demonspawn Gladiator on Feb 18, 2024.
             Was a Follower of Qazlal.
             Mangled by Menkaure (19 damage)
             ... on level 5 of the Dungeon on Feb 19, 2024.
             The game lasted 00:29:58 (5093 turns).

olourkin the Chopper (Demonspawn Gladiator)         Turns: 5093, Time: 00:29:59

Health: -6/50      AC:  9    Str: 21    XL:     7   Next: 13%
Magic:  0/7        EV: 11    Int: 10    God:    Qazlal [*.....]
Gold:   300        SH:  1    Dex: 14    Spells: 6/6 levels left

rFire   . . .        a - +0 war axe
rCold   . . .        (no shield)
rNeg    . . .        g - +0 scale mail
rPois   .            z - +2 hat
rElec   .            (no cloak)
rCorr   .            (no gloves)
SInv    .            (no boots)
Will    .....        (no amulet) Stlth
                     q - +6 ring of strength
HPRegen 0.28/turn    (no ring)
MPRegen 0.20/turn

%: guardian spirit
@: no status effects
A: horns 1, magic shield, magic regeneration, sturdy frame 1
a: Renounce Religion


You were on level 5 of the Dungeon.
You worshipped Qazlal.
Qazlal was aware of your devotion.
You visited 1 branch of the dungeon, and saw 5 of its levels.

You collected 300 gold pieces.

Inventory:

Hand Weapons
 a - a +0 war axe (weapon)
 u - a +2 dagger of venom
Missiles
 d - 3 throwing nets
 e - a javelin
 n - 45 stones (quivered)
 t - 4 boomerangs
 x - 19 poisoned darts
Armour
 b - a +0 leather armour
 c - a +0 helmet
 g - a +0 scale mail (worn)
 z - a +2 hat (worn)
Magical Staves
 o - a staff of earth
Jewellery
 q - a +6 ring of strength (left hand)
Scrolls
 f - 5 scrolls of teleportation {unknown}
 h - 2 scrolls of brand weapon {unknown}
 i - 2 scrolls of blinking {unknown}
 j - a scroll of torment {unknown}
 k - a scroll of revelation {unknown}
 p - 4 scrolls of identify {unknown}
 r - a scroll of enchant weapon {unknown}
 s - a scroll of silence {unknown}
 v - a scroll of amnesia {unknown}
 y - a scroll of immolation {unknown}
Potions
 l - a potion of haste {unknown}
 m - 2 potions of heal wounds
 w - a potion of brilliance {unknown}
 A - a potion of resistance {unknown}


   Skills:
 - Level 2.0 Fighting
 * Level 6.3 Axes
 - Level 1.7 Throwing
 + Level 3.8 Armour
 - Level 2.6 Dodging


You had 6 spell levels left.
You didn't know any spells.
Your spell library contained the following spells:

 Spells                   Type           Power      Damage    Failure   Level
 Cigotuvi's Dreadful Rot  Necr/Alch/Air  0%         N/A       71%         2
 Ensorcelled Hibernation  Hex/Ice        0%         N/A       71%         2
 Call Canine Familiar     Summ           0%         N/A       91%         3
 Fugue of the Fallen      Necr           0%         N/A       91%         3
 Inner Flame              Hex/Fire       0%         N/A       91%         3
 Passwall                 Erth           0%         N/A       91%         3
 Sigil of Binding         Hex            0%         N/A       91%         3
 Swiftness                Air            0%         N/A       91%         3
 Anguish                  Hex/Necr       0%         N/A       100%        4
 Dimensional Bullseye     Hex/Tloc       0%         N/A       100%        4
 Flame Wave               Conj/Fire      0%         2d4       100%        4
 Ignite Poison            Fire/Alch      0%         N/A       100%        4
 Sticky Flame             Fire/Alch      0%         2d4       100%        4
 Freezing Cloud           Conj/Ice/Air   0%         6-21      100%        5


Dungeon Overview and Level Annotations

Branches:
Dungeon (5/15)
 Temple: D:4-7

Altars:
Fedhas
Qazlal
Yredelemnul

Shops:
D:4 (   D:5 *

Annotations:
D:5 Menkaure


Innate Abilities, Weirdness & Mutations

You have a pair of small horns on your head.
When hurt, damage is shared between your health and your magic reserves.
You regenerate magic rapidly.
Your movements are slightly less encumbered by armour. (ER -2)


Message History

Welcome back, olourkin the Demonspawn Gladiator.
Qazlal says: Let the forces of nature tear it all down!
Press ? for a list of commands and other information.
Things that are here:
a +0 ring mail; a +0 short sword; an iguana corpse
Items here: )))) [ †.
There is a stone staircase leading down here.
Found a basalt altar of Yredelemnul.
Menkaure, Prince of Dust comes into view.
Menkaure shouts!
You aren't carrying any items that you can evoke.
Okay, then.
Okay, then.
Okay, then.
You start waiting.
Menkaure is nearby!
Menkaure calls on the powers of darkness!
Your body is wracked with pain!
Menkaure misses you.
You barely miss Menkaure. You headbutt Menkaure.
Menkaure is moderately damaged.
Menkaure closely misses you.
You hit Menkaure. Your headbutt misses Menkaure.
Menkaure is heavily damaged.
Menkaure mumbles some strange words.
Menkaure seems to speed up.
You hit Menkaure. Your headbutt misses Menkaure.
Menkaure is heavily damaged.
Menkaure calls on the powers of darkness!
Your body is wracked with pain!
* * * LOW HITPOINT WARNING * * *
You closely miss Menkaure. Your headbutt misses Menkaure.
Menkaure is heavily damaged.
Menkaure calls on the powers of darkness!
Your body is wracked with pain!
* * * LOW HITPOINT WARNING * * *
You barely miss Menkaure.
Menkaure is heavily damaged.
Menkaure hits you!!
You die...

# ####.#.## ### #.#.# ... #.#.#
... #.#.# ## #######.#.#####
#......#......#
######.#####.#.###.#
.#...##.......#.# #.#
..M...###.@.......#.# #.#
####.....M.#..###...# #.#
####.#.###.#...'_+...# #.#
#....#.# #.#...###...# #.#
#.##.#.###.#.........###.##
######.###.....................#
...##...###.###.####.#.#.####..#
......#.........# #.#.........#
##.##...###.#.#.# #.###.#..##.#


You could see Menkaure (fast).

Vanquished Creatures
  A water moccasin (D:3)
  A scorpion (D:5)
  3 iguanas
  4 orc wizards
  7 adders
  2 ufetubi (D:5)
  2 dart slugs
  2 ribbon worms
  14 orcs
  8 ball pythons
  6 endoplasms
  3 giant cockroaches
  7 goblins
  8 hobgoblins
  4 jackals (D:2)
  A quokka (D:3)
  A bat (D:1)
  A frilled lizard (D:3)
  8 kobolds
  2 rats
85 creatures vanquished.

Notes
Turn   | Place    | Note
-------+----------+-------------------------------------------
     0 | D:1      | olourkin the Demonspawn Gladiator began the quest for the
                  | Orb.
     0 | D:1      | Reached XP level 1. HP: 16/16 MP: 1/1
    86 | D:1      | Reached skill level 3 in Axes
   166 | D:1      | Gained mutation: Your movements are slightly less
                  | encumbered by armour. (ER -2) [demonic ancestry]
   166 | D:1      | Reached XP level 2. HP: 19/22 MP: 2/2
   375 | D:1      | Reached skill level 1 in Armour
   910 | D:1      | Gained mutation: You regenerate magic rapidly. [demonic
                  | ancestry]
   910 | D:1      | Reached XP level 3. HP: 22/27 MP: 3/3
  1596 | D:2      | Reached XP level 4. HP: 33/33 MP: 4/4
  1599 | D:2      | Reached skill level 4 in Axes
  2175 | D:3      | Noticed a water moccasin
  2558 | D:3      | Killed a water moccasin
  2559 | D:3      | Reached skill level 5 in Axes
  2559 | D:3      | Reached XP level 5. HP: 19/38 MP: 5/5
  3039 | D:3      | Gained mutation: You have a pair of small horns on your
                  | head. [demonic ancestry]
  3039 | D:3      | Reached XP level 6. HP: 18/44 MP: 6/6
  3492 | D:4      | Found a blossoming altar of Fedhas.
  3618 | D:4      | Found King's Antique Weapon Boutique.
  3632 | D:4      | Found a stormy altar of Qazlal.
  3642 | D:4      | Became a worshipper of Qazlal Stormbringer
  4378 | D:5      | Entered Level 5 of the Dungeon
  4674 | D:5      | Reached * piety under Qazlal
  4700 | D:5      | Reached skill level 6 in Axes
  4812 | D:5      | Gained mutation: When hurt, damage is shared between your
                  | health and your magic reserves. [demonic ancestry]
  4812 | D:5      | Reached XP level 7. HP: 47/50 MP: 7/7
  4836 | D:5      | Found Etyr's General Store.
  4991 | D:5      | Upgraded the game from 0.32-a0-350-g4f4d228785 to
                  | 0.32-a0-361-g289a535e89
  5070 | D:5      | Found a basalt altar of Yredelemnul.
  5076 | D:5      | Noticed Menkaure
  5093 | D:5      | Mangled by Menkaure

Illustrated notes

Levels and vault maps discovered:
D:1:      lemuel_arrival_river_passageway, layout_basic, minivault_5
D:2:      layout_rooms, nicolae_kite_square_tiling_tiny
D:3:      layout_basic
D:4:      layout_loops_cross, grunt_qazlal_clouds, fedhas_altar_3, serial_shops,
          shop
D:5:      layout_loops_ring, kennysheep_mini_moat, serial_shops,
          nicolae_shop_tiny_statue_garden, grunt_ministairs_12,
          kennysheep_another_room, uniq_menkaure

Skill      XL: |  1  2  3  4  5  6 |
---------------+-------------------+-----
Axes           | 3 5 6 |  6.3
Armour         | 1 2 3 |  3.8
Fighting       | |  2.0
Throwing       | |  1.7
Dodging        | |  2.6

Action                     |  1- 3 |  4- 6 |  7- 9 || total
---------------------------+-------+-------+-------++-------
  Melee: War axe           |    83 |   145 |    22 ||   250
         Headbutt          |       |    17 |     3 ||    20
  Throw: Stone             |     5 |     1 |       ||     6
    Use: Potion            |       |     1 |       ||     1
 Armour: Scale mail        |    50 |    89 |    10 ||   149
         Leather armour    |     1 |       |       ||     1
  Dodge: Dodged            |    55 |    74 |     6 ||   135
  Block: Other             |       |     1 |       ||     1

Table legend: (Time is in decaauts)
 A = Elapsed time spent in this place.
 B = Non-inter-level travel time spent in this place.
 C = Inter-level travel time spent in this place.
 D = Time resting spent in this place.
 E = Time spent auto-exploring this place.
 F = Levels seen in this place.
 G = Mean time per level.
                   A        B        C        D        E       F      G
               +--------+--------+--------+--------+--------+-----+--------+
         Total |   5176 |   4882 |    294 |   1221 |   2813 |   5 | 1035.2 |
       Dungeon |   5176 |   4882 |    294 |   1221 |   2813 |   5 | 1035.2 |
               +--------+--------+--------+--------+--------+-----+--------+

Top non-repeatable levels by time:
     D:3: 1568 daAuts
     D:1: 1214 daAuts
     D:4: 898 daAuts
     D:2: 768 daAuts
     D:5: 726 daAuts
